 Dungeon Crawl Stone Soup version 0.27-a0-1332-g84bddb5ca7 (webtiles) character file.

Game seed: 387027240578260905

39 dickylongcocking the Skirmisher (level 3, -3/30 HPs)
             Began as a Djinni Fire Elementalist on June 25, 2021.
             Slain by a gnoll (5 damage)
             ... on level 1 of the Dungeon.
             The game lasted 00:01:23 (2160 turns).

dickylongcocking the Skirmisher (DjFE)              Turns: 2160, Time: 00:01:23

Health: -3/30      AC:  3    Str:  7    XL:     3   Next: 70%
Gold:   54         EV: 11    Int: 17    God:
                   SH:  0    Dex: 13

rFire    + + .     SeeInvis .   f - +0 whip
rCold    x . .     Faith    .   (no shield)
rNeg     . . .     Spirit   .   g - +0 leather armour
rPois    ∞         Reflect  .   (no helmet)
rElec    .         Harm     .   (no cloak)
rCorr    .         Rampage  .   (no gloves)
Will     .....                  (boots unavailable)
Stlth    ++........             (no amulet)
HPRegen  0.10/turn              (no ring)
MPRegen  0.00/turn              (no ring)

@: flying
A: sickness immunity, fire resistance 2, cold vulnerability 1, float, innate
caster, hp casting, extra vitality 1
a: no special abilities


You were on level 1 of the Dungeon.
You visited 1 branch of the dungeon, and saw 2 of its levels.

You collected 54 gold pieces.

Inventory:

Hand Weapons
 f - a +0 whip (weapon)
Armour
 a - a +1 robe
 g - a +0 leather armour (worn)
Jewellery
 e - a +6 ring of strength
Scrolls
 b - 2 scrolls of enchant armour
 d - a scroll of fog
Potions
 h - a potion of heal wounds {unknown}
 i - a potion of curing {unknown}
 j - a potion of might {unknown}


   Skills:
 * Level 3.0 Fighting
 - Level 2.2 Dodging
 - Level 1.5 Stealth
 - Level 2.4 Spellcasting


You couldn't memorise any spells.
You knew the following spells:

 Your Spells              Type           Power      Damage    Failure   Level
a - Foxfire               Conj/Fire      40%        2x1d6     11%         1
b - Conjure Flame         Conj/Fire      10%        6-21      30%         3
c - Inner Flame           Hex/Fire       10%        N/A       30%         3
d - Sticky Flame          Conj/Fire      10%        2d3       71%         4
e - Fireball              Conj/Fire      5%         3d5       96%         5
f - Apportation           Tloc           20%        N/A       11%         1
Your spell library was empty.

Dungeon Overview and Level Annotations

Branches:
Dungeon (2/15)

Altars:


Innate Abilities, Weirdness & Mutations

You are immune to sickness and miasma.
You are immune to poison.
Your flesh is very heat resistant. (rF++)
You are vulnerable to cold. (rC-)
You float through the air rather than walking.
You learn spells naturally, not from books.
Your magical power is your life essence.
You have superior vitality. (+4 HP)


Message History

Okay, then.
Casting: Foxfire (safe; 11% risk of failure)
Confirm with . or Enter, or press ? or * to list all spells.
Okay, then.
Your magical contamination has completely faded away.
There is a stone staircase leading up here.
You fly upwards.
There is a stone staircase leading down here.
You start resting.
HP restored.
You see here 12 bolts.
There is a stone staircase leading down here.
Unknown command.
You fly downwards. 3 gnolls and a gnoll shaman come into view.
The gnoll shouts! x2; The gnoll shaman shouts!
The gnoll shaman hits you with a +0 whip.
There is a stone staircase leading up here.
Unknown command.
The gnoll hits you with a +0 club.
The gnoll hits you from afar with a +0 spear. x2
You fly upwards.
There is a stone staircase leading down here.
Unknown command.
Unknown command.
Unknown command.
As you read the scroll labelled DOUMACSEMM, it crumbles to dust.
It is a scroll of amnesia.
You feel forgetful for a moment. The gnoll hits you with a +0 club.
* * * LOW HITPOINT WARNING * * *
The gnoll shaman barely misses you.
As you read the scroll labelled MAODITWIUFA, it crumbles to dust.
The scroll dissolves into smoke.
It was a scroll of fog.
The gnoll hits you with a +0 club.
* * * LOW HITPOINT WARNING * * *
The gnoll shaman misses you.
As you read the scroll labelled FURUNUFEQA, it crumbles to dust.
It is a scroll of enchant armour.
Your +0 robe glows green for a moment.
The gnoll hits you with a +0 club.
You die...

#..................
#.........########.
#.........# #.
##.############# #.
#.# #...# ## #.###
#####...# #§§.#
#...)...#
#g#§###.###...#
#@g§......#.###
#####..)....#
#.####.## #......##
#####...#
#########...#.#.#
#....##.....#...##
#.##.##.#.#####..#
#.##.##.#........##


You could see a gnoll shaman and a gnoll.

Vanquished Creatures
  An adder (D:2)
  A dart slug (D:1)
  A worm (D:2)
  A ball python (D:1)
  2 giant cockroaches (D:1)
  A goblin (D:1)
  2 hobgoblins (D:1)
  3 jackals (D:1)
  2 kobolds (D:1)
  A quokka (D:1)
  2 bats (D:1)
  2 frilled lizards (D:1)
  8 rats
27 creatures vanquished.

Vanquished Creatures (others)
  104 foxfires
104 creatures vanquished.

Grand Total: 131 creatures vanquished

Notes
Turn   | Place    | Note
-------+----------+-------------------------------------------
     0 | D:1      | dickylongcocking the Djinni Fire Elementalist began the
                  | quest for the Orb.
     0 | D:1      | Reached XP level 1. HP: 15/15 MP: 0/0
    98 | D:1      | Reached skill level 1 in Fighting
    98 | D:1      | Reached XP level 2. HP: 6/22 MP: 0/0
   931 | D:1      | Reached skill level 2 in Fighting
  1388 | D:1      | Reached XP level 3. HP: 24/29 MP: 0/0
  1388 | D:1      | Learned a level 1 spell: Apportation
  1990 | D:2      | Reached skill level 3 in Fighting
  2080 | D:2      | Noticed an ogre
  2160 | D:1      | Slain by a gnoll

Illustrated notes

Levels and vault maps discovered:
D:1:      wander_arrival_lonely_grave, layout_basic, minmay_misc_feat_diagonals
D:2:      layout_basic, basic_altar

Skill      XL: |  1  2  3 |
---------------+----------+-----
Fighting       | 1 2 3 |  3.0
Dodging        | |  2.2
Stealth        | |  1.5
Spellcasting   | |  2.4

Action                   || total
-------------------------++-------
Melee: Unarmed           ||     6
       Whip              ||     6
 Cast: Foxfire           ||    77
  Use: Scroll            ||     3
Armor: Robe              ||    11
       Leather armour    ||     2
Dodge: Dodged            ||    36

Table legend: (Time is in decaauts)
 A = Elapsed time spent in this place.
 B = Non-inter-level travel time spent in this place.
 C = Inter-level travel time spent in this place.
 D = Time resting spent in this place.
 E = Time spent auto-exploring this place.
 F = Levels seen in this place.
 G = Mean time per level.
                   A        B        C        D        E       F      G
               +--------+--------+--------+--------+--------+-----+--------+
         Total |   2161 |   2097 |     64 |    133 |   1717 |   2 | 1080.5 |
       Dungeon |   2161 |   2097 |     64 |    133 |   1717 |   2 | 1080.5 |
               +--------+--------+--------+--------+--------+-----+--------+

Top non-repeatable levels by time:
     D:1: 1973 daAuts
     D:2: 187 daAuts
